 Dungeon Crawl Stone Soup version 0.30-a0-311-gf115ab0292 (webtiles) character file.

Game seed: 14562835116790646072

27 Engwar the Grasshopper (level 2, 0/25 HPs)
             Began as an Armataur Warper on Oct 25, 2022.
             Frozen to death by an endoplasm (5 damage)
             ... on level 1 of the Dungeon.
             The game lasted 00:02:12 (1260 turns).

Engwar the Grasshopper (Armataur Warper)            Turns: 1260, Time: 00:02:12

Health: 0/25       AC:  4    Str: 16    XL:     2   Next: 93%
Magic:  4/4        EV:  9    Int: 13    God:
Gold:   27         SH:  0    Dex:  9    Spells: 4/4 levels left

rFire   . . .      SeeInvis .    g - +0 dagger
rCold   . . .      Faith    .    (no shield)
rNeg    . . .      Spirit   .    b - +0 leather armour
rPois   .          Reflect  .    (no helmet)
rElec   .          Harm     .    (no cloak)
rCorr   .          Roll     +    (no gloves)
Will    .....                    (no barding)
Stlth   +.........               (no amulet)
HPRegen 0.24/turn                (no ring)
MPRegen 0.09/turn                (no ring)

@: no status effects
A: large, rugged brown scales 3, deformed body, armoured tail, roll, long
tongue, awkward tongue
a: no special abilities


You were on level 1 of the Dungeon.
You visited 1 branch of the dungeon, and saw 2 of its levels.

You collected 27 gold pieces.

Inventory:

Hand Weapons
 g - a +0 dagger (weapon)
Missiles
 d - 7 boomerangs of dispersal (quivered)
Armour
 b - a +0 leather armour (worn)
Scrolls
 c - a scroll of blinking
 e - 2 scrolls of identify {unknown}
Potions
 f - a potion of might {unknown}


   Skills:
 + Level 2.3 Fighting
 + Level 2.3 Short Blades
 - Level 0.8 Throwing
 - Level 1.2 Armour
 - Level 1.3 Dodging
 + Level 1.7 Stealth
 - Level 1.7 Spellcasting
 - Level 3.0 Translocations


You had 4 spell levels left.
You didn't know any spells.
Your spell library contained the following spells:

 Spells                   Type           Power      Damage    Failure   Level
 Blink                    Tloc           16%        N/A       14%         2
 Lesser Beckoning         Tloc           16%        N/A       28%         3
 Teleport Other           Tloc           8%         N/A       28%         3
 Vhi's Electric Charge    Tloc/Air       10%        N/A       45%         3
 Manifold Assault         Tloc           8%         N/A       67%         4


Dungeon Overview and Level Annotations

Branches:
Dungeon (2/15)

Altars:


Innate Abilities, Weirdness & Mutations

You are completely covered in rugged brown scales. (AC +3, +7% HP)
Armour fits poorly on your strangely shaped body.
You have a long armoured tail.
You roll when moving toward enemies. (Rampage)
Your long tongue fully drains potion bottles. (2x potion effects)
Your tongue gives you trouble enunciating. (1.5x scroll delay)


Message History

You start resting.
HP restored.
There is a stone staircase leading down here.
You climb downwards.
There is a stone staircase leading up here.
You barely miss the endoplasm.
The endoplasm quivers.
The endoplasm barely misses you.
The frilled lizard hisses angrily.
You hit the endoplasm but do no damage. The endoplasm freezes you.
You are frozen.
You hit the endoplasm but do no damage. The endoplasm freezes you.
You are frozen.
You hit the endoplasm but do no damage.
You tail-slap the endoplasm, but do no damage.
The endoplasm freezes you.
You are frozen.
The frilled lizard bites you.
The endoplasm hits you but does no damage.
You climb upwards.
There is a stone staircase leading down here.
The frilled lizard attacks as you move away!
The frilled lizard bites you but does no damage.
You barely miss the endoplasm. You hit the endoplasm.
The endoplasm is moderately wounded.
The endoplasm freezes you.
You are frozen.
You hit the endoplasm but do no damage.
The endoplasm is moderately wounded.
The endoplasm freezes you.
You are frozen.
* * * LOW HITPOINT WARNING * * *
You barely miss the endoplasm.
The endoplasm is moderately wounded.
The endoplasm freezes you.
You are frozen.
You die...

#.#.########..#.###########)###
#.#.# #..#................ #.#.#
#..#.............### #.#.#
####..#................ #.#.#
#........######........
#.#.#####...............#######
#.......................###...#
##...#####......#..#............
#........#.....@#†.#.....###....
###..###.####..#Jl..............
#..#.........#................
#....#.####..#...#.....#......
#....#..)..............#.#....
#..#.#.....#.##.##.###.#.#....
#..#.#.###....................
#............##.######.#.####.
##.#.#.###...........(.#.# #.


You could see an endoplasm and a frilled lizard.

Vanquished Creatures
  5 endoplasms (D:1)
  A giant cockroach (D:1)
  4 goblins (D:1)
  3 hobgoblins (D:1)
  2 kobolds (D:1)
  2 ball pythons
  3 bats (D:1)
  2 frilled lizards
22 creatures vanquished.

Notes
Turn   | Place    | Note
-------+----------+-------------------------------------------
     0 | D:1      | Engwar the Armataur Warper began the quest for the Orb.
     0 | D:1      | Reached XP level 1. HP: 18/18 MP: 3/3
   204 | D:1      | Reached skill level 1 in Stealth
   231 | D:1      | Reached XP level 2. HP: 24/25 MP: 4/4
  1260 | D:1      | Frozen to death by an endoplasm

Illustrated notes

Levels and vault maps discovered:
D:1:      dpeg_arrival_rhombi, layout_basic
D:2:      layout_basic, hellmonk_ecumenical_altar_zigzags, uniq_jessica

Skill      XL: |  1 |
---------------+----+-----
Fighting       | 2 |  2.3
Short Blades   | 2 |  2.3
Stealth        | 1 |  1.7
Throwing       | |  0.8
Armour         | |  1.2
Dodging        | |  1.3
Spellcasting   | |  1.7
Translocations | |  3.0

Action                   || total
-------------------------++-------
Melee: Short sword       ||   100
       Tailslap          ||    13
       Dagger            ||    28
Armor: Leather armour    ||    54
Dodge: Dodged            ||    59

Table legend: (Time is in decaauts)
 A = Elapsed time spent in this place.
 B = Non-inter-level travel time spent in this place.
 C = Inter-level travel time spent in this place.
 D = Time resting spent in this place.
 E = Time spent auto-exploring this place.
 F = Levels seen in this place.
 G = Mean time per level.
                   A        B        C        D        E       F      G
               +--------+--------+--------+--------+--------+-----+--------+
         Total |   1247 |   1156 |     91 |     67 |    858 |   2 |  623.5 |
       Dungeon |   1247 |   1156 |     91 |     67 |    858 |   2 |  623.5 |
               +--------+--------+--------+--------+--------+-----+--------+

Top non-repeatable levels by time:
     D:1: 1203 daAuts
     D:2: 44 daAuts
